Map: [ESL] Ancient Cistern

Players

Firefly

  • Race: Protoss Protoss
  • Spawn Location: 1:00

Has - Winner!

  • Race: Protoss Protoss
  • Spawn Location: 7:00

Event: ESL SC2 Masters 2023 Summer (Regionals)

VOD

Have the link to the VOD?

Description

Time

  • Played on: May 20, 2023, 8:12 a.m.
  • Length: 8:08

All games in this series

Show
View Real Time Build Order
Export as new Build Order

Firefly Protoss 

Build Orders:  

Get SALT Encoding   

  12  0:00  Probe  
  13  0:12  Probe  
  14  0:17  Pylon  
  14  0:24  Probe  
  15  0:35  Gateway  
  15  0:36  Probe (Chrono Boost)  
  16  0:46  Probe (Chrono Boost)  
  16  0:47  Assimilator  
  17  0:51  Probe (Chrono Boost)  
  17  0:56  Assimilator  
  18  1:03  Probe (Chrono Boost)  
  19  1:09  Gateway  
  19  1:15  Probe (Chrono Boost)  
  20  1:23  Probe (Chrono Boost)  
  20  1:24  Cybernetics Core  
  21  1:29  Probe  
  22  1:36  Pylon  
  22  1:41  Probe  
  24  2:02  Warp Gate, Stalker x2  
  24  2:06  Pylon  
  27  2:32  Stalker x2  
  31  2:40  Robotics Facility  
  31  2:45  Gateway  
  31  3:03  Stalker x2  
  35  3:09  Pylon  
  35  3:25  Shield Battery  
  35  3:26  Warp Prism (Chrono Boost)  
  37  3:50  Stalker x2  
  41  3:59  Stalker  
  40  4:23  Stalker x3  
  40  4:59  Immortal (Chrono Boost)  
  34  5:00  Adept x2  
  34  5:01  Adept  
  44  5:26  Pylon  
  44  5:33  Immortal (Chrono Boost)  
  46  5:41  Adept x3  
  46  6:01  Adept x2  
  46  6:02  Adept  
  52  6:16  Pylon  
  52  6:30  Adept  
  54  6:34  Adept x2  
  50  7:05  Stalker x3  
  26  7:35  Stalker  
  26  7:36  Stalker x2  
Show
View Real Time Build Order
Export as new Build Order

Has Protoss - Winner!

Build Orders:  

Get SALT Encoding   

  12  0:00  Probe  
  13  0:12  Probe  
  14  0:17  Pylon  
  14  0:24  Probe (Chrono Boost)  
  16  0:36  Probe (Chrono Boost), Gateway  
  16  0:41  Assimilator  
  16  0:44  Probe  
  17  0:50  Assimilator  
  17  0:56  Probe (Chrono Boost)  
  18  1:08  Probe (Chrono Boost)  
  18  1:11  Gateway  
  19  1:14  Probe (Chrono Boost)  
  20  1:22  Probe  
  20  1:25  Cybernetics Core  
  21  1:30  Pylon  
  21  1:34  Probe  
  22  1:47  Probe  
  23  1:59  Probe  
  24  2:01  Adept x2  
  24  2:02  Warp Gate  
  28  2:10  Pylon  
  28  2:11  Probe  
  29  2:27  Pylon  
  29  2:31  Sentry x2  
  33  2:45  Nexus  
  33  2:48  Shield Battery  
  33  2:54  Stalker  
  35  3:00  Probe, Sentry  
  38  3:09  Pylon  
  38  3:12  Probe  
  39  3:21  Robotics Facility  
  39  3:34  Pylon  
  39  3:36  Pylon  
  39  3:42  Shield Battery  
  39  3:52  Stalker x2  
  43  4:06  Immortal (Chrono Boost)  
  47  4:14  Pylon  
  47  4:22  Sentry  
  47  4:23  Adept  
  51  4:32  Probe  
  52  4:49  Stalker x2  
  56  4:55  Warp Prism (Chrono Boost)  
  56  4:56  Probe x2  
  60  5:09  Probe x2  
  60  5:11  Pylon  
  62  5:21  Probe  
  62  5:24  Observer (Chrono Boost)  
  62  5:27  Adept x2  
  69  5:28  Probe  
  69  5:33  Probe  
  69  5:40  Probe  
  69  5:41  Immortal (Chrono Boost)  
  68  5:45  Probe  
  73  5:52  Probe  
  73  5:53  Stargate, Observer  
  74  5:57  Probe  
  74  6:02  Pylon  
  75  6:04  Probe  
  75  6:05  Assimilator  
  76  6:16  Probe x2, Immortal (Chrono Boost)  
  78  6:18  Pylon  
  82  6:28  Probe  
  83  6:34  Probe  
  83  6:37  Phoenix (Chrono Boost)  
  86  6:43  Twilight Council  
  86  6:44  Gateway  
  86  6:47  Gateway  
  84  6:59  Adept x2  
  86  7:03  Probe  
  86  7:04  Probe  
  86  7:06  Immortal (Chrono Boost)  
  78  7:14  Phoenix (Chrono Boost)  
  75  7:21  Adept x2  
  68  7:36  Phoenix (Chrono Boost)  
  65  7:48  Probe x2  
Tags
 
Add a new tag
Caveats
  • Supply blocks, unpowered buildings, or Contaminate may cause inaccurate times.
  • Supply counts are checked every 10 seconds.